 Dungeon Crawl Stone Soup version 0.27.0-1-g7a089689b8 (webtiles) character file.

Game seed: 2049855964211731602

3277 SkeletonJelly the Slicer (level 10, 0/56 HPs)
             Began as a Tengu Monk on Aug 14, 2021.
             Was a High Priest of Dithmenos.
             Slain by a wyvern (13 damage)
             ... on level 8 of the Dungeon.
             The game lasted 00:11:42 (8401 turns).

SkeletonJelly the Slicer (Tengu Monk)               Turns: 8401, Time: 00:11:43

Health: 0/56       AC:  4    Str: 12    XL:     10   Next: 0%
Magic:  11/11      EV: 16    Int: 11    God:    Dithmenos [*****.]
Gold:   322        SH:  5    Dex: 19    Spells: 9/9 levels left

rFire    . . .     SeeInvis .   j - +5 rapier (speed)
rCold    + . .     Faith    .   (no shield)
rNeg     . . .     Spirit   .   b - +0 robe
rPois    .         Reflect  +   (helmet restricted)
rElec    .         Harm     .   C - +0 cloak
rCorr    .         Rampage  .   L - +0 pair of gloves
Will     +....                  (boots unavailable)
Stlth    +++++.....             y - amulet of reflection
HPRegen  0.18/turn              f - ring of willpower
MPRegen  0.12/turn              x - ring of protection from cold

@: silenced, flying quickly and evasively, wreathed by umbra, quick
A: beak, talons 3, nimble flight
a: Renounce Religion


You were on level 8 of the Dungeon.
You worshipped Dithmenos.
Dithmenos was extremely pleased with you.
You visited 1 branch of the dungeon, and saw 8 of its levels.

You collected 322 gold pieces.

Inventory:

Hand Weapons
 a - a +0 falchion
 e - a +0 whip of venom
 i - a +1 dagger of venom
 j - a +5 rapier of speed (weapon)
 q - a +2 dagger of flaming
 u - a +3 dagger
 v - the +3 mace of True Grit {flame, *Slow Dex+5}
   (You found it on level 4 of the Dungeon)

   It burns those it strikes, dealing additional fire damage.
   Dex:       It affects your dexterity (+5).
   *Slow:     It may slow you when you take damage.
 E - a +0 rapier
Missiles
 t - 2 boomerangs of dispersal
 H - 39 poisoned darts (quivered)
Armour
 b - a +0 robe (worn)
 C - a +0 cloak (worn)
 L - a +0 pair of gloves (worn)
Jewellery
 f - a ring of willpower (left hand)
 x - a ring of protection from cold (right hand)
 y - an amulet of reflection (around neck)
 G - a +6 ring of intelligence
 M - an amulet of regeneration
Wands
 K - a wand of charming (1)
Scrolls
 c - 6 scrolls of identify {unknown}
 d - a scroll of enchant weapon {unknown}
 h - a scroll of blinking {unknown}
 o - a scroll of magic mapping
 p - 4 scrolls of enchant armour {unknown}
 r - 2 scrolls of acquirement
 D - 4 scrolls of teleportation {unknown}
 J - a scroll of vulnerability {unknown}
Potions
 g - a potion of brilliance {unknown}
 k - 7 potions of curing
 l - a potion of lignification {unknown}
 m - a potion of degeneration
 n - a potion of cancellation {unknown}
 s - a potion of invisibility
 w - a potion of ambrosia {unknown}
 z - a potion of flight {unknown}
 B - a potion of resistance {unknown}
 F - a potion of haste {unknown}
 I - 2 potions of heal wounds


   Skills:
 - Level 3.0 Fighting
 * Level 11.6(12.0) Short Blades
 - Level 5.0(9.1) Long Blades
 - Level 3.2 Dodging
 + Level 8.6 Stealth


You had 9 spell levels left.
You didn't know any spells.
Your spell library contained the following spells:

 Spells                   Type           Power      Damage    Failure   Level
 Beastly Appendage        Tmut           0%         N/A       34%         1
 Wereblood                Tmut           0%         N/A       47%         2
 Spider Form              Tmut/Pois      0%         N/A       71%         3
 Tukima's Dance           Hex            0%         N/A       71%         3
 Passage of Golubria      Tloc           N/A        N/A       98%         4
 Fireball                 Conj/Fire      0%         3d3       100%        5
 Iskenderun's Battlesphe  Conj           0%         2d6       100%        5
 Yara's Violent Unravell  Hex/Tmut       0%         3d3       100%        5
 Conjure Ball Lightning   Conj/Air       0%         3x3d6     100%        6
 Orb of Destruction       Conj           0%         N/A       100%        7


Dungeon Overview and Level Annotations

Branches:
Dungeon (8/15)             Temple (0/1) D:4
   Lair: D:8-11

Altars:
Dithmenos
Elyvilon
Fedhas
Gozag
Kikubaaqudgha
Qazlal
Ru
Zin
The Shining One

Annotations:
D:7 exclusion: orange crystal statue
D:8 Harold


Innate Abilities, Weirdness & Mutations

You have a beak for a mouth.
You have claws for feet.
Your magical nature lets you fly swiftly and evasively.


Message History

An orc is nearby!
An orc is nearby!
An orc is nearby!
An orc priest comes into view. It is wielding a +0 war axe.
An orc warrior comes into view. It is wielding a +0 war axe.
An orc comes into view. It is wielding a +0 trident.
The orc shouts! x2; You hear a howl!
You hear an angry hiss.
A howler monkey comes into view.
You barely miss the orc. Your peck misses the orc. You hit the orc.
You claw the orc.
You kill the orc!
Dithmenos accepts your kill.
You can now transform into a swirling mass of shadows.
A howler monkey comes into view.
A wyvern comes into view.
The orc priest miscasts a cantrip.
The orc hits you from afar with a +0 trident.
You hit the orc warrior but do no damage.
You claw the orc warrior, but do no damage.
You puncture the orc warrior! You claw the orc warrior.
The orc warrior is heavily wounded.
Your shadow hits the orc warrior with a rapier.
The orc priest misses you. The orc misses you.
You hit the orc warrior. Your kick misses the orc warrior.
The orc warrior is severely wounded.
The howler monkey closely misses you. The orc warrior barely misses you.
You hit the orc warrior.
You peck the orc warrior, but do no damage.
The orc warrior is severely wounded.
You barely miss the orc warrior. You claw the orc warrior.
You peck the orc warrior, but do no damage.
The orc warrior is almost dead.
Your shadow closely misses the orc warrior.
You block the howler monkey's attack.
The orc priest hits you with a +0 war axe.
The orc closely misses you.
The orc warrior hits you with a +0 war axe!
You hit the orc warrior but do no damage.
You claw the orc warrior.
The orc warrior is almost dead.
You hit the orc warrior.
You kill the orc warrior!
Dithmenos accepts your kill. The howler monkey closely misses you.
You block the orc priest's attack. The orc closely misses you.
You have reached level 10!
The wyvern closely misses you.
The howler monkey hoots and howls with incredible vigour!
The orc priest mumbles some strange prayers to Beogh against you.
Beogh smites you!
The howler monkey hoots and howls with incredible vigour!
You block the wyvern's attack.
You hear a shout! x3
You block the wyvern's attack.
The howler monkey hoots and howls with incredible vigour!
You hear an angry buzzing noise.
You block the wyvern's attack. You block the wyvern's attack.
The howler monkey hoots and howls with incredible vigour!
You hear a shout! x2; You hear an angry hiss.
The wyvern closely misses you.
The howler monkey hoots and howls with incredible vigour!
The wyvern barely misses you.
The howler monkey hoots and howls with incredible vigour!
The wyvern closely misses you.
The howler monkey hoots and howls with incredible vigour!
You hear a shout!
The wyvern completely misses you.
The howler monkey hoots and howls with incredible vigour!
The wyvern bites you!
You hear a shout!
The orc priest casts a cantrip, but nothing happens.
The howler monkey hoots and howls with incredible vigour! x2
You hear a shout!
The wyvern misses you.
The howler monkey hoots and howls with incredible vigour!
You block the wyvern's attack.
You hear an angry hiss.
The howler monkey hoots and howls with incredible vigour!
The howler monkey hoots and howls with incredible vigour!
You hit the wyvern but do no damage. The wyvern bites you!
* * * LOW HITPOINT WARNING * * *
You fail to use your ability.
The wyvern closely misses you.
The howler monkey hoots and howls with incredible vigour!
The wyvern closely misses you.
You fail to use your ability.
The wyvern closely misses you.
A water moccasin and Harold come into view.
You block the wyvern's attack.
As you read the scroll labelled XUFASE IXYTZ, it crumbles to dust.
You feel aware of your surroundings.
It was a scroll of magic mapping.
You block the wyvern's attack. The wyvern barely misses you.
This is a scroll of acquirement!
Unknown command.
Unknown command.
Unknown command.
Unknown command.
As you read the scroll labelled NIEDDELEAL, it crumbles to dust.
A profound silence engulfs you.
It was a scroll of silence.
The howler monkey hoots and howls with incredible vigour!
The wyvern bites you!
You die...

*,.........# #......#,,,,,,,
*,.......[<########......#+####,,
,,.#####...[....#.##..........#,,
,,,*,,,#.....>..#..#..........#,,
,,,*,,,#........#..'..........#+*
,,,+,,,#........'..#..........#,,
,,,*,,,#........#..#..........#,,
,,,*,**#........####h.o.......#,,
****,* ###......@l..######....###
,,*,,* #.......h..#....#....#..
,,*,,* #.....@....#....#....#..
,,+,,* #..........#....#hh.(##'
***,,* #....#######....#.......
,,*,,* #....#..........'o......
,,*,,****#....#....####'##o......
,,*,,*,,,.....#....#.............
,,*,,+,,,,,,,,#....#..........#'#


You could see Harold, a wyvern, 2 howler monkeys and an orc priest.

Vanquished Creatures
  A two-headed ogre (D:7)
  4 yaks (D:6)
  A steam dragon (D:7)
  Duvessa (D:6)
  An orc warrior (D:8)
  A black bear (D:8)
  An ice beast (D:6)
  A necrophage (D:4)
  An ogre (D:4)
  3 bullfrogs (D:7)
  2 scorpions (D:5)
  Dowan (D:6)
  A wyvern skeleton (D:6)
  3 water moccasin skeletons
  3 howler monkeys (D:7)
  2 electric eels (D:7)
  A bullfrog skeleton (D:5)
  2 jellies
  A gnoll shaman (D:6)
  2 hounds (D:5)
  3 orc priests
  2 iguanas
  3 orc wizards
  A hound zombie (D:5)
  A hound skeleton (D:4)
  7 adders
  5 gnolls (D:6)
  A shadow imp (D:6)
  2 ufetubi
  3 worms
  2 dart slugs (D:1)
  24 orcs
  9 ball pythons
  9 bats
  8 endoplasms
  5 hobgoblins
  12 jackals
  3 quokkas
  2 frilled lizards (D:2)
  5 goblins
  4 kobolds
  3 rats
147 creatures vanquished.

Notes
Turn   | Place    | Note
-------+----------+-------------------------------------------
     0 | D:1      | SkeletonJelly the Tengu Monk began the quest for the Orb.
     0 | D:1      | Reached XP level 1. HP: 14/14 MP: 2/2
   117 | D:1      | Reached XP level 2. HP: 15/19 MP: 3/3
   620 | D:1      | Reached XP level 3. HP: 23/23 MP: 4/4
  1223 | D:2      | Reached skill level 5 in Long Blades
  1223 | D:2      | Found a faded altar of an unknown god.
  1227 | D:2      | Became a worshipper of Dithmenos the Shadowed
  1227 | D:2      | Reached * piety under Dithmenos
  1227 | D:2      | Reached ** piety under Dithmenos
  1447 | D:2      | Reached *** piety under Dithmenos
  1467 | D:2      | Reached skill level 1 in Short Blades
  1467 | D:2      | Reached XP level 4. HP: 28/28 MP: 5/5
  2355 | D:3      | Reached skill level 2 in Short Blades
  2632 | D:3      | Gained mutation: Your magical nature lets you fly swiftly
                  | and evasively. [Tengu growth]
  2632 | D:3      | Reached XP level 5. HP: 32/32 MP: 6/6
  2652 | D:3      | Reached skill level 3 in Short Blades
  3358 | D:4      | Noticed an ogre
  3370 | D:4      | Killed an ogre
  3371 | D:4      | Reached skill level 4 in Short Blades
  3371 | D:4      | Reached XP level 6. HP: 21/37 MP: 7/7
  3388 | D:4      | Identified the +3 mace of True Grit {flame, *Slow Dex+5}
  3624 | D:4      | Found a staircase to the Ecumenical Temple.
  3771 | D:4      | Noticed a necrophage
  3778 | D:4      | Killed a necrophage
  3818 | D:4      | Found a blossoming altar of Fedhas.
  3819 | D:4      | Found an opulent altar of Gozag.
  3820 | D:4      | Found an ancient bone altar of Kikubaaqudgha.
  3820 | D:4      | Found a sacrificial altar of Ru.
  4050 | D:5      | Entered Level 5 of the Dungeon
  4052 | D:5      | Reached skill level 5 in Short Blades
  4138 | D:5      | Reached XP level 7. HP: 25/41 MP: 8/8
  4558 | D:5      | Reached skill level 6 in Short Blades
  4607 | D:5      | Reached **** piety under Dithmenos
  4901 | D:5      | Reached skill level 5 in Stealth
  5133 | D:6      | Noticed a yak
  5135 | D:6      | Noticed a yak
  5136 | D:6      | Noticed a yak
  5137 | D:6      | Noticed a yak
  5157 | D:6      | Killed a yak
  5158 | D:6      | Reached skill level 7 in Short Blades
  5158 | D:6      | Reached XP level 8. HP: 28/46 MP: 9/9
  5165 | D:6      | Killed a yak
  5625 | D:6      | Reached skill level 8 in Short Blades
  5763 | D:6      | Noticed Duvessa
  5789 | D:6      | Noticed Dowan
  5792 | D:6      | Killed Duvessa
  5801 | D:6      | Killed Dowan
  6368 | D:6      | Killed a yak
  6369 | D:6      | Reached skill level 9 in Short Blades
  6383 | D:6      | Killed a yak
  6384 | D:6      | Reached XP level 9. HP: 17/50 MP: 10/10
  6967 | D:6      | Found a stormy altar of Qazlal.
  6967 | D:6      | Found a white marble altar of Elyvilon.
  7266 | D:7      | Noticed an orange crystal statue
  7316 | D:7      | Reached skill level 10 in Short Blades
  7589 | D:7      | Found a glowing golden altar of the Shining One.
  7647 | D:7      | Found a glowing silver altar of Zin.
  7760 | D:7      | Noticed a two-headed ogre
  7778 | D:7      | Killed a two-headed ogre
  7779 | D:7      | Reached skill level 11 in Short Blades
  8348 | D:8      | Reached ***** piety under Dithmenos
  8358 | D:8      | Reached XP level 10. HP: 35/56 MP: 11/11
  8398 | D:8      | Noticed Harold
  8401 | D:8      | Identified 2 scrolls of acquirement
  8401 | D:8      | Slain by a wyvern

Illustrated notes

Levels and vault maps discovered:
D:1:      minmay_arrival_loop, layout_basic, minivault_26
D:2:      layout_loops_cross, hellmonk_ecumenical_altar_heavens_door,
          minmay_crystal_room, serial_bayou_pond_e, kennysheep_pointless_box
D:3:      layout_loops_ring
D:4:      layout_loops_cross, chequers_temple_overflow_statue_of_worship,
          minmay_temple_entry_large_hall
D:5:      layout_loops_ring
D:6:      layout_loops_ring, gammafunk_temple_overflow_statue,
          corexii_hall_statues_t, uniq_duvessa
D:7:      statuecave_lemuel, layout_basic, tso_metal_star, lemuel_crystal_altar,
          skrybe_limestone_x
D:8:      layout_gridville, minmay_fractal_squares_diagonal_5, uniq_pikel,
          uniq_harold

Skill      XL: |  1  2  3  4  5  6  7  8  9 |
---------------+----------------------------+-----
Long Blades    | 4 5 |  5.0
Short Blades   | 1 2 4 5 7 9 11 | 11.6
Stealth        | 3 4 5 7 8 |  8.6
Fighting       | |  3.0
Dodging        | |  3.2

Action                   |  1- 3 |  4- 6 |  7- 9 | 10-12 || total
-------------------------+-------+-------+-------+-------++-------
Melee: Falchion          |    58 |       |       |       ||    58
       Peck              |     8 |    25 |    34 |       ||    67
       Kick              |    20 |    38 |    71 |       ||   129
       Dagger            |    14 |   133 |   101 |       ||   248
       Mace              |       |     3 |       |       ||     3
       Rapier            |       |       |   132 |     1 ||   133
Throw: Dart              |     2 |       |    15 |       ||    17
       Boomerang         |       |       |     2 |       ||     2
  Use: Potion            |       |       |     4 |       ||     4
       Scroll            |       |       |       |     2 ||     2
 Stab: Sleeping          |     9 |    13 |    11 |       ||    33
       Distracted        |       |       |     3 |       ||     3
       Invisible         |       |       |     1 |       ||     1
Armor: Robe              |     3 |    10 |     6 |       ||    19
Dodge: Dodged            |    48 |    77 |    81 |    10 ||   216
Block: Other             |       |     3 |    28 |     7 ||    38
       Rpst.: Falchion   |     9 |       |       |       ||     9
